 Dungeon Crawl Stone Soup version 0.20-a0-959-gdc9e609 (webtiles) character file.

3603349 JimmahDean the Executioner (level 27, 120/241 HPs)
             Began as a Deep Dwarf Fighter on Apr 6, 2017.
             Was the Champion of Makhleb.
             Escaped with the Orb
             ... and 5 runes on Apr 7, 2017!
             The game lasted 06:16:45 (60384 turns).

JimmahDean the Executioner (Deep Dwarf Fighter)    Turns: 60384, Time: 06:16:46

Health: 120/241    AC: 42    Str: 32    XL:     27
Magic:  32/32      EV: 22    Int:  9    God:    Makhleb [******]
Gold:   4806       SH:  5    Dex: 23    Spells: 25/36 levels left

rFire    + . .     SeeInvis +   b - +8 executioner's axe (chop)
rCold    + . .     Gourm    .   (shield currently unavailable)
rNeg     + + .     Faith    .   P - +3 plate armour "Teurhow" {rF+ Str+2}
rPois    +         Spirit   .   Y - +2 helmet {Int+3}
rElec    +         Reflect  +   U - +2 ratskin cloak {+Rats rPois rN+ Str-1 Int-1 Dex+1}
rCorr    .         Harm     .   V - +2 pair of gloves {Dex+3}
MR       +++++     Clarity  +   S - +1 pair of boots {run}
Stlth    ..........             w - amulet of Jadelese {Reflect MR+ SH+5}
Regen    0.0/turn               m - ring of Sygueheruf {rElec rC+ Str+4 Int-3 SInv}
MPRegen  0.3/turn               p - +2 ring of slaying

@: non-regenerating, quick
A: damage resistance, heal wounds, thin skeletal structure 1, yellow scales 1,
clarity, frail 1, mutation resistance 1, negative energy resistance 1, sense
surroundings 3, electricity resistance, MP-powered wands, no regeneration
0: Orb of Zot
}: 5/15 runes: barnacled, slimy, silver, abyssal, gossamer
a: Heal Wounds, Minor Destruction, Lesser Servant of Makhleb, Major Destruction,
Greater Servant of Makhleb, Renounce Religion, Evoke Ratskin


You escaped.
You worshipped Makhleb.
Makhleb was exalted by your worship.
You were not hungry.

You visited 12 branches of the dungeon, and saw 58 of its levels.
You visited the Abyss 2 times.
You visited 2 bazaars.
You also visited: Trove and Sewer.

You collected 10166 gold pieces.
You spent 5360 gold pieces at shops.

Inventory:

Hand Weapons
 b - a +8 executioner's axe of chopping (weapon)
Missiles
 J - 6 curare-tipped needles
 N - 6 throwing nets (quivered) {!f}
Armour
 P - the +3 plate armour "Teurhow" (worn) {rF+ Str+2}
   (You found it on level 2 of the Depths)

   It affects your strength (+2).
   It protects you from fire.
 S - a +1 pair of boots of running (worn)
 U - the +2 ratskin cloak (worn) {+Rats rPois rN+ Str-1 Int-1 Dex+1}
   (You found it on level 6 of the Lair of Beasts)

   It affects your strength (-1).
   It affects your intelligence (-1).
   It affects your dexterity (+1).
   It protects you from poison.
   It protects you from negative energy.
 V - a +2 pair of gloves of dexterity (worn)
 W - the +8 orange crystal plate armour {Archmagi, Int+3 Clar}
   (You found it on level 4 of the Spider Nest)

   It affects your intelligence (+3).
   It protects you against confusion.
 Y - a +2 helmet of intelligence (worn)
Jewellery
 m - the ring of Sygueheruf (left hand) {rElec rC+ Str+4 Int-3 SInv}
   (You found it on level 10 of the Dungeon)

   [ring of see invisible]

   It affects your strength (+4).
   It affects your intelligence (-3).
   It protects you from cold.
   It insulates you from electricity.
   It lets you see invisible.
 p - a +2 ring of slaying (right hand)
 w - the amulet of Jadelese (around neck) {Reflect MR+ SH+5}
   (You took it off a yaktaur captain on level 5 of the Vaults)

   [amulet of reflection]

   It shields you and reflects attacks.
   It affects your resistance to hostile enchantments.
   It affects your SH (+5).
Wands
 a - a wand of disintegration (8/24)
 g - a wand of confusion (13/48)
 h - a wand of iceblast (6/15)
 M - a wand of disintegration (10/24)
 R - a wand of iceblast (5/15)
Scrolls
 d - 14 scrolls of fog
 e - 14 scrolls of remove curse {@r2}
 j - 24 scrolls of teleportation {@r4}
 k - 11 scrolls of blinking
 l - 4 scrolls of magic mapping
 n - a scroll of summoning
 y - a scroll of enchant armour
 B - 3 scrolls of holy word
 F - 14 scrolls of recharging
 O - 4 scrolls of fear
Potions
 c - 4 potions of mutation {!q}
 o - 6 potions of agility
 q - 10 potions of brilliance
 s - 15 potions of flight
 v - 6 potions of curing {@q1}
 x - 4 potions of haste {@q3}
 z - 5 potions of cancellation
 C - 3 potions of heal wounds {@q2}
 D - 5 potions of ambrosia
 G - 10 potions of lignification {!q}
 H - 2 potions of might
 I - 2 potions of resistance
 K - 3 potions of berserk rage
 L - 4 potions of invisibility
Books
 Q - a book of Dreams

   Spells                             Type                      Level
   a - Ensorcelled Hibernation        Hexes/Ice                    2
   b - Silence                        Hexes/Air                    5
   c - Darkness                       Hexes                        6
   d - Shadow Creatures               Summoning                    6
Miscellaneous
 t - 6 phantom mirrors
 E - a lamp of fire
 T - 2 sacks of spiders
 X - a fan of gales (inert)
 Z - a lightning rod (4/4) {!a}
Comestibles
 f - 20 bread rations {@e1}
 i - 11 fruits {e2}
 r - 8 meat rations {@e1}
 A - 3 royal jellies {@e3}


   Skills:
 + Level 19.9 Fighting
 - Level 26.0 Axes
 - Level 26.0 Armour
 - Level 16.0 Dodging
 - Level 5.0 Stealth
   Level 3.2 Shields
 - Level 5.0 Spellcasting
 - Level 7.0 Summonings
 - Level 22.0 Translocations
 - Level 22.3 Invocations
 - Level 8.0 Evocations


You had 25 spell levels left.
You knew the following spells:

 Your Spells              Type           Power        Failure   Level  Hunger
a - Blink                 Tloc           N/A          0%          2    ##.....
b - Passage of Golubria   Tloc           N/A          1%          4    #####..
c - Apportation           Tloc           #####.       0%          1    #......
d - Lesser Beckoning      Tloc           #####.....   1%          3    ###....
e - Summon Butterflies    Summ           ##......     4%          1    #......


Dungeon Overview and Level Annotations

Branches:
Dungeon (15/15)            Temple (1/1) D:4            Lair (6/6) D:9
 Shoals (4/4) Lair:2       Spider (4/4) Lair:3        Slime (5/5) Lair:6
    Orc (2/2) D:11            Elf (3/3) Orc:2        Vaults (5/5) D:13
  Crypt (3/3) Vaults:2       Tomb (0/3) Crypt:3      Depths (5/5) D:15
    Zot (5/5) Depths:5

Altars:
Ashenzari
Cheibriados
Dithmenos
Elyvilon
Fedhas
Gozag
Hepliaklqana
Kikubaaqudgha
Makhleb
Nemelex Xobeh
Okawaru
Qazlal
Ru
Sif Muna
Trog
Uskayaw
Vehumet
Wu Jian
Xom
Yredelemnul
Zin
The Shining One
Beogh
Jiyva

Shops:
D:8 [   D:10 !*   D:11 (   Orc:1 *=!   Orc:2 (:*(   Elf:2 }   Elf:3 ?
Vaults:2 =   Vaults:4 :(

Portals:
Hell: Depths:1 Depths:2 Depths:3 Depths:4 Depths:5
Abyss: Depths:1 Depths:4
Pandemonium: Depths:1 Depths:3 Depths:4 Depths:5
Ziggurat: Depths:4

Annotations:
Depths:4 4 exclusions


Innate Abilities, Weirdness & Mutations

You are resistant to damage.
You can heal yourself by infusing magical energy.
You resist negative energy. (rN+)
You passively map a large area around you.
You do not regenerate.
You have a somewhat thin skeletal structure. (Dex +2, Stealth)
You are partially covered in yellow scales. (AC +2)
You possess an exceptional clarity of mind.
You are frail. (-10% HP)
You are somewhat resistant to further mutation.
You are resistant to electric shocks. (rElec)
You expend magic power (3 MP) to strengthen your wands.


Message History

There is a stone staircase leading up here.
You climb upwards.
There is a stone staircase leading down here.
You see here a kobold skeleton.
You see here 16 stones.
A chaos spawn comes into view.
The chaos spawn shouts in stereo!
You hear a grinding noise.
You hear a grinding noise.
You hear a grinding noise.
You hear a grinding noise.
There is a stone staircase leading up here.
You climb upwards.
There is a stone staircase leading down here.
Search for what [Enter for "mutation", or ? for help]? rF+ A chaos spawn comes into view.
An iron imp comes into view.
The iron imp shouts, "Begone, thou foppish guts-griping snake-molt!"
There is a staircase leading out of the dungeon here.
You have escaped!

...........### #......#....
...........# ######.####.#.###
...........## #......# #.#.#
.(..........# ###.####.## #.#.#
............###...###...###.#.###
............#.............#.#....
............#.............#.#####
###########....###...###....# #
#....#@4.....#....#####
#....#..)....#.........
#.#.............#..####
#.#.....5#......#..#..#
#.#.............#..#..#
#....#...(...#.....#..#
#....#......>#.....#..#
#....###...###.........
#(#.............#.#####


You could see a chaos spawn and an iron imp.

Vanquished Creatures
  the Royal Jelly (Slime:5)
  6 ancient liches
  Mara (Depths:1)
  6 orbs of fire (Zot:5)
  Boris (twice) (Depths:3 Depths:4)
  Bai Suzhen (Depths:2)
  2 Killer Klowns (Zot:5)
  6 golden dragons
  3 profane servitors
  A Tzitzimitl (D:9)
  A pandemonium lord (D:9)
  the Enchantress (Depths:2)
  4 bone dragons
  2 electric golems (Zot:5)
  An iron giant (shapeshifter) (Vaults:5)
  Jorgrun (Vaults:4)
  A hellephant (Abyss:3)
  4 tentacled monstrosities
  Rupert (D:12)
  2 Ice Fiends
  3 titans (Vaults:5)
  Asterion (Vaults:2)
  24 Orb Guardians
  9 liches
  3 deep elf blademasters
  2 deep elf master archers (Elf:3)
  17 tentacled starspawn
  20 acid blobs
  6 Executioners
  3 death cobs
  A kraken (Shoals:2)
  7 sphinxes
  The ghost of Likado the Warrior, an adept HOFi of Makhleb (Shoals:2)
  Frances (D:12)
  6 storm dragons
  8 shadow dragons
  2 ancient champions
  Ilsuiw (Shoals:4)
  3 thorn hunters (Depths:2)
  4 draconian monks
  5 tengu reavers
  5 revenants
  7 deep elf sorcerers
  10 azure jellies
  5 ghost moths
  2 draconian scorchers
  3 draconian knights
  8 fire giants
  The ghost of fernweh the Fighter, a journeyman DsCK of Xom (Spider:3)
  19 vault wardens
  Louise (Depths:4)
  6 emperor scorpions
  2 balrugs
  An orc warlord (Vaults:5)
  3 iron dragons (Vaults:5)
  The ghost of heteroy the Severer, a journeyman DsWn of Wu Jian (Elf:1)
  10 frost giants
  3 cacodemons (Abyss:3)
  2 curse skulls
  3 draconian shifters
  A draconian stormcaller (Zot:3)
  4 ghouls (Crypt:2)
  3 spriggan defenders
  18 ironheart preservers
  7 deep elf elementalists
  4 war gargoyles
  An ophan (Abyss:3)
  20 stone giants
  4 entropy weavers
  A reaper (Abyss:2)
  33 very ugly things
  8 vampire knights
  8 deep elf annihilators
  8 deep elf demonologists
  Nessos (D:12)
  5 yellow draconians
  8 green draconians
  A dire elephant (Depths:2)
  3 spark wasps
  A spark wasp (shapeshifter) (Abyss:3)
  8 black draconians
  4 white draconians
  4 purple draconians
  An eidolon (Crypt:1)
  A green death (Abyss:3)
  13 ettins
  2 crystal guardians (Abyss:3)
  6 merfolk javelineers
  7 deep elf death magi
  8 death oozes
  A blizzard demon (Abyss:2)
  A minotaur (shapeshifter) (Vaults:5)
  Josephine (D:12)
  14 merfolk impalers
  8 jiangshi
  8 great orbs of eyes
  11 fire dragons
  22 yaktaur captains
  The ghost of JeffiDaFish the Grappler, a journeyman TrFi (Lair:3)
  16 ogre magi
  Fannar (D:12)
  8 deep elf high priests
  A quicksilver dragon skeleton (Abyss:3)
  30 vault guards
  20 rakshasas
  Erolcha (D:12)
  5 spriggan air magi
  7 centaur warriors
  7 hydras
  2 catoblepae
  5 ice dragons
  43 two-headed ogres
  3 merfolk avatars
  4 death knights
  5 deep troll shamans
  An alligator (Lair:2)
  8 merfolk aquamancers
  5 satyrs
  5 alligator snapping turtles
  A queen ant (Lair:2)
  3 hell hogs (Abyss:3)
  7 spriggan berserkers
  7 tengu warriors
  7 deep troll earth magi
  7 orc high priests
  The ghost of GoodGuyCisco the Transmogrifier, a novice DrTm of Okawaru (D:10)
  6 vampire magi
  17 thrashing horrors
  A death yak (shapeshifter) (Abyss:3)
  31 dancing weapons
  20 deep elf knights
  5 soul eaters
  3 spriggans
  5 sun demons
  27 hell knights
  A fire crab (shapeshifter) (Abyss:3)
  5 sixfirhies
  5 spatial maelstroms
  4 iron trolls
  21 skeletal warriors
  2 death drakes (Abyss:3)
  10 wretched stars
  11 sea snakes
  An anaconda zombie (Crypt:3)
  An unseen horror (shapeshifter) (Vaults:4)
  A storm dragon skeleton (Crypt:2)
  27 deep trolls
  7 shadow wraiths
  A death drake (shapeshifter) (Vaults:4)
  An orange crystal statue (Vaults:2)
  A spriggan druid (Depths:2)
  2 fire crabs (Abyss:2)
  12 unseen horrors
  61 starcursed masses
  2 lindwurms (Lair:6)
  A sea snake (shapeshifter) (Abyss:3)
  9 flayed ghosts
  A shadow demon (Abyss:2)
  9 glowing orange brains
  A swamp dragon (Abyss:2)
  14 necromancers
  21 deep elf archers
  4 wizards
  23 ironbrand convokers
  A shadow dragon skeleton (Crypt:3)
  20 orc knights
  8 orc sorcerers
  14 phantasmal warriors
  21 manticores
  18 orb spiders
  5 harpies
  21 fauns
  A wolf spider (shapeshifter) (Vaults:5)
  75 deep elf magi
  2 manticores (shapeshifter)
  A shining eye (shapeshifter) (Depths:3)
  37 ugly things
  30 wolf spiders
  49 large abominations
  5 shining eyes
  10 moths of wrath
  3 worldbinders (Abyss:3)
  13 merfolk sirens
  A cyclops (shapeshifter) (Vaults:2)
  2 moths of wrath (shapeshifter) (Vaults:5)
  7 cyclopes
  18 vault sentinels
  2 guardian serpents (shapeshifter)
  5 black mambas
  A stone giant skeleton (Crypt:3)
  6 water nymphs
  11 fire giant skeletons
  3 apocalypse crabs (Abyss:3)
  2 frost giant skeletons
  2 rust devils
  2 torpor snails
  2 orange demons (Abyss:3)
  2 naga magi (Abyss:3)
  A titan simulacrum (Abyss:3)
  A guardian serpent (Abyss:3)
  17 smoke demons
  2 hellions (Abyss:3)
  A torpor snail (shapeshifter) (Depths:4)
  4 gargoyles (Crypt:3)
  8 spiny frogs
  2 rime drakes (Lair:6)
  2 kobold demonologists
  2 komodo dragons
  A black draconian skeleton (Crypt:2)
  An emperor scorpion zombie (Crypt:3)
  11 freezing wraiths
  4 efreet
  A komodo dragon (shapeshifter) (Vaults:5)
  59 yaktaurs
  18 demonic crawlers
  A death yak skeleton (Crypt:1)
  A red devil (Abyss:3)
  5 tengu conjurers
  A hellwing (Abyss:3)
  19 ancient zymes
  2 queen bees (shapeshifter)
  A catoblepas skeleton (Crypt:3)
  17 jumping spiders
  3 polar bears
  2 wind drakes
  8 trolls
  20 hornets
  35 merfolk
  A tengu simulacrum (Vaults:1)
  75 slime creatures
  24 raiju
  A meliai zombie (D:14)
  2 ice dragon zombies (Crypt:3)
  A blink frog (shapeshifter) (Vaults:3)
  8 blink frogs
  An iron dragon simulacrum (Crypt:2)
  A fire dragon zombie (Crypt:3)
  17 hippogriffs
  A satyr zombie (Crypt:2)
  A tarantella zombie (Crypt:1)
  2 harpy skeletons
  A stone giant simulacrum (Vaults:3)
  An ettin zombie (Crypt:2)
  A minotaur skeleton (Crypt:1)
  A dream sheep (Lair:6)
  9 snapping turtles
  A redback (shapeshifter) (Depths:5)
  13 flying skulls
  40 redbacks
  Sigmund (D:6)
  7 fire dragon skeletons (Crypt:3)
  6 shadows
  28 tarantellas
  15 water elementals
  6 ynoxinuls
  A spriggan (shapeshifter) (Depths:2)
  17 humans (D:13)
  38 yaks
  A yak (shapeshifter) (Vaults:5)
  A tarantella (shapeshifter) (Depths:5)
  6 wyverns
  2 humans (shapeshifter)
  11 vampires
  8 chaos spawn
  A fire bat (Abyss:3)
  23 golden eyes
  14 wraiths
  A hog (shapeshifter) (Vaults:4)
  14 vampire mosquitoes
  7 fire elementals
  2 hungry ghosts
  5 basilisks
  8 neqoxecs
  3 nagas (Abyss:3)
  A human simulacrum (Vaults:1)
  An insubstantial wisp (Abyss:2)
  2 acid dragons (D:15)
  4 spatial vortices
  8 swamp worms (Spider:4)
  4 wargs
  19 soldier ants
  A gelid demonspawn zombie (Crypt:2)
  A spiny frog zombie (Crypt:3)
  11 water moccasins
  8 porcupines
  Purgy (Sewer)
  A deep troll skeleton (Vaults:3)
  A spiny frog skeleton (Crypt:3)
  2 hornet zombies
  10 eyes of draining
  57 orc warriors
  30 small abominations
  8 ice beasts
  11 sky beasts
  A snapping turtle zombie (Crypt:2)
  A black bear (D:6)
  3 necrophages
  A swamp dragon zombie (Crypt:3)
  A black bear (shapeshifter) (D:13)
  45 ogres
  3 phantoms
  11 wolves
  3 boggarts (Vaults:1)
  29 centaurs
  A blink frog skeleton (Crypt:2)
  An elephant skeleton (Crypt:2)
  The ghost of arthad the Shield-Bearer, an amateur GrFi (D:3)
  2 human zombies (Vaults:3)
  11 crocodiles
  10 big kobolds
  3 elf zombies (Elf:1)
  19 bullfrogs
  2 gnoll sergeants
  A hippogriff skeleton (Crypt:1)
  7 earth elementals
  2 human skeletons (Vaults:3)
  2 wyvern skeletons (D:6)
  6 scorpions
  7 killer bees
  A raiju skeleton (Crypt:2)
  9 wights
  An electric eel (Elf:3)
  A polar bear skeleton (Crypt:1)
  4 howler monkeys
  6 crimson imps
  2 centaur zombies
  A wyvern simulacrum (D:13)
  2 bullfrog zombies
  9 hounds
  4 quasits
  2 bullfrog skeletons
  3 centaur skeletons
  46 orc priests
  5 iron imps (Abyss:3)
  12 jellies
  22 orc wizards
  Ijyb (D:5)
  6 iguanas
  39 worker ants
  2 killer bee zombies
  A naga skeleton (Crypt:1)
  2 hound skeletons
  4 worker ant zombies
  9 gnolls
  13 adders
  12 shadow imps
  9 white imps
  6 ufetubi
  10 oozes
  A lava snake zombie (Crypt:1)
  2 adder skeletons
  A halfling skeleton (Crypt:1)
  13 worms
  5 leopard geckos
  122 orcs
  4 ball pythons
  8 giant cockroaches
  4 goblins
  9 hobgoblins
  11 jackals
  16 kobolds
  7 quokkas
  A ball python skeleton (D:4)
  10 bats
  5 frilled lizards
  A quokka skeleton (D:3)
  5 rats
  A rat zombie (Crypt:2)
  8 briar patches (Depths:2)
  3 crawling corpses (Elf:3)
  A fungus (D:9)
  7 lurking horrors
  20 plants
  11 starspawn tentacles
  3 tentacles (Shoals:2)
3065 creatures vanquished.

Vanquished Creatures (collateral kills)
  A balrug (D:9)
  An ettin (Vaults:3)
  A hydra (D:13)
  An ogre mage (D:13)
  2 vault guards (Vaults:5)
  A catoblepas (D:13)
  A sea snake (Shoals:2)
  A rust devil (D:9)
  A manticore (D:13)
  A vault sentinel (Vaults:3)
  A merfolk (Shoals:2)
  A slime creature (Slime:2)
  A vampire mosquito (D:13)
  An ice beast (D:13)
  A big kobold (D:13)
  2 kobolds (D:13)
18 creatures vanquished.

Vanquished Creatures (others)
  A tengu reaver (Vaults:5)
  A fire giant (Depths:3)
  A draconian scorcher (Zot:2)
  An ironheart preserver (Vaults:4)
  A hell hog (Abyss:3)
  A sea snake (Shoals:4)
  An unseen horror (D:12)
  A deep elf mage (Elf:2)
  A large abomination (Abyss:3)
  A wolf spider (Spider:4)
  An ugly thing (Depths:3)
  An apocalypse crab (Abyss:3)
  A jumping spider (Spider:4)
  An ettin zombie (Abyss:3)
  A tarantella (Spider:4)
  A water elemental (Depths:5)
  A small abomination (Abyss:2)
  An eye of draining (D:13)
  An ogre (Vaults:5)
  A wyvern simulacrum (D:13)
  A quokka (D:6)
  3 briar patches (Depths:2)
  A fungus (Lair:6)
  2 lurking horrors (Abyss:3)
  7 plants
  31 starspawn tentacles
  15 tentacles (Shoals:2)
  25 withered plants (Crypt:3)
105 creatures vanquished.

Grand Total: 3188 creatures vanquished

Notes
Turn   | Place    | Note
-------+----------+-------------------------------------------
     0 | D:1      | JimmahDean the Deep Dwarf Fighter began the quest for the Orb.
     0 | D:1      | Reached XP level 1. HP: 20/20 MP: 1/1
   176 | D:1      | Reached XP level 2. HP: 27/27 MP: 2/2
   581 | D:2      | Reached XP level 3. HP: 28/33 MP: 3/3
   590 | D:2      | Found a shimmering altar of Xom.
   851 | D:2      | Found a bloodstained altar of Trog.
   891 | D:2      | Found a shattered altar of Ashenzari.
  1093 | D:3      | Noticed an ogre
  1136 | D:3      | Reached XP level 4. HP: 19/40 MP: 4/4
  1140 | D:3      | Reached skill level 5 in Axes
  1395 | D:3      | Noticed arthad's ghost (amateur GrFi)
  1592 | D:3      | Killed arthad's ghost
  1592 | D:3      | Reached XP level 5. HP: 27/46 MP: 5/5
  1731 | D:3      | Found a sparkling altar of Nemelex Xobeh.
  2006 | D:4      | Found a deep blue altar of Sif Muna.
  2079 | D:3      | Reached XP level 6. HP: 51/55 MP: 6/6
  2125 | D:4      | Found a staircase to the Ecumenical Temple.
  2132 | Temple   | Entered the Ecumenical Temple
  2347 | Temple   | Became a worshipper of Makhleb the Destroyer
  2590 | D:4      | Reached XP level 7. HP: 32/61 MP: 7/7
  3028 | D:5      | Entered Level 5 of the Dungeon
  3155 | D:5      | Noticed Ijyb
  3162 | D:5      | Killed Ijyb
  3332 | D:5      | Reached * piety under Makhleb
  3335 | D:5      | Found a glowing drain.
  3369 | Sewer    | Entered a sewer
  3436 | Sewer    | Noticed Purgy
  3442 | Sewer    | Killed Purgy
  3714 | D:5      | Reached XP level 8. HP: 35/72 MP: 8/8
  3822 | D:5      | Reached skill level 10 in Axes
  3958 | D:5      | Reached ** piety under Makhleb
  4108 | D:6      | Noticed Sigmund
  4122 | D:6      | Killed Sigmund
  4300 | D:6      | Reached skill level 5 in Fighting
  4347 | D:6      | Found a stormy altar of Qazlal.
  4383 | D:6      | Found a white marble altar of Elyvilon.
  4439 | D:6      | Found a snail-covered altar of Cheibriados.
  4792 | D:6      | Gained mutation: You passively map the area around you. [Deep Dwarf growth]
  4792 | D:6      | Reached XP level 9. HP: 41/81 MP: 8/8
  5075 | D:7      | Gained mutation: You are partially covered in yellow scales. (AC +2) [mutagenic meat]
  5076 | D:7      | Gained mutation: You are clumsy. (Dex -2) [mutagenic meat]
  5078 | D:7      | Gained mutation: You are partially covered in slimy green scales. (AC +2) [mutagenic meat]
  5079 | D:7      | Gained mutation: You are robust. (+10% HP) [mutagenic meat]
  5290 | D:7      | Reached skill level 5 in Armour
  5316 | D:7      | Noticed a two-headed ogre
  5333 | D:7      | Killed a two-headed ogre
  5788 | D:8      | Reached *** piety under Makhleb
  5928 | D:8      | Found Unlew's Antique Armour Emporium.
  5936 | D:8      | Bought a pair of runed gloves for 240 gold pieces
  6010 | D:8      | Paralysed by a hornet for 3 turns
  6021 | D:8      | Reached XP level 10. HP: 46/96 MP: 9/9
  6842 | D:9      | Reached skill level 5 in Dodging
  6850 | D:9      | Reached **** piety under Makhleb
  6900 | D:9      | Found a staircase to the Lair.
  6909 | Lair:1   | Entered Level 1 of the Lair of Beasts
  6956 | D:9      | Found a glowing silver altar of Zin.
  6957 | D:9      | Noticed a phantasmal warrior
  6970 | D:9      | Killed a phantasmal warrior
  6970 | D:9      | Reached skill level 15 in Axes
  6996 | D:9      | Noticed a death knight
  7031 | D:9      | Killed a death knight
  7163 | D:9      | Noticed a two-headed ogre
  7181 | D:9      | Killed a two-headed ogre
  7181 | D:9      | Reached XP level 11. HP: 59/103 MP: 10/10
  7783 | D:10     | Entered Level 10 of the Dungeon
  7849 | D:10     | Found Exygo's Distillery.
  7899 | D:10     | Got a clouded tin ring
  7900 | D:10     | Identified the ring of Sygueheruf {rElec rC+ Str+4 Int-3 SInv} (You found it on level 10 of the Dungeon)
  7920 | D:10     | Reached ***** piety under Makhleb
  8149 | D:10     | Found Nablyqo's Demolitions Depot.
  8189 | D:10     | Noticed a two-headed ogre
  8199 | D:10     | Killed a two-headed ogre
  8383 | D:10     | Noticed GoodGuyCisco's ghost (novice DrTm)
  8401 | D:10     | Killed GoodGuyCisco's ghost
  8583 | D:10     | Noticed an unseen horror
  8595 | D:10     | Killed an unseen horror
  8887 | D:11     | Noticed a sun demon
  9083 | D:11     | Noticed a cyan ugly thing
  9083 | D:11     | Noticed a brown ugly thing
  9127 | D:11     | Killed a purple ugly thing
  9144 | D:11     | Killed a purple ugly thing
  9285 | D:11     | Found a staircase to the Orcish Mines.
  9285 | D:11     | Found Xistrick's Weapon Emporium.
  9404 | D:11     | Reached XP level 12. HP: 96/113 MP: 10/10
  9417 | D:11     | Noticed a two-headed ogre
  9423 | D:11     | Killed a two-headed ogre
  9622 | D:12     | Noticed Nessos
  9638 | D:12     | Killed Nessos
  9778 | D:12     | Noticed Erolcha
  9790 | D:12     | Killed Erolcha
  9801 | D:12     | Noticed Fannar
  9856 | D:12     | Killed Fannar
  9856 | D:12     | Reached skill level 5 in Evocations
  9883 | D:12     | Noticed a two-headed ogre
  9902 | D:12     | Killed a two-headed ogre
  9930 | D:12     | Reached ****** piety under Makhleb
  9955 | D:12     | Noticed Frances
  9955 | D:12     | Noticed Rupert
  9955 | D:12     | Paralysed by Rupert for 3 turns
 11070 | Lair:2   | Found a staircase to the Shoals.
 11183 | Lair:2   | Noticed a four-headed hydra
 11184 | Lair:2   | Noticed a five-headed hydra
 11221 | Lair:2   | Killed a five-headed hydra
 11227 | Lair:2   | Killed a four-headed hydra
 11431 | Lair:2   | Noticed a seven-headed hydra
 11450 | Lair:2   | Killed a seven-headed hydra
 11450 | Lair:2   | Reached XP level 13. HP: 64/119 MP: 16/16
 12159 | Lair:3   | Found a hole to the Spider Nest.
 12418 | Lair:3   | Noticed JeffiDaFish's ghost (journeyman TrFi)
 12444 | Lair:3   | Killed JeffiDaFish's ghost
 13200 | Lair:4   | Found a sacrificial altar of Ru.
 13767 | Lair:5   | Reached skill level 10 in Armour
 14163 | Lair:6   | Entered Level 6 of the Lair of Beasts
 14768 | Lair:6   | Gained mutation: You resist negative energy. (rN+) [Deep Dwarf growth]
 14768 | Lair:6   | Reached XP level 14. HP: 112/135 MP: 18/18
 14965 | Lair:6   | Found a viscous altar of Jiyva.
 14981 | Lair:6   | Found a staircase to the Slime Pits.
 15061 | Lair:6   | Noticed an azure jelly
 15347 | Orc:1    | Entered Level 1 of the Orcish Mines
 15441 | Orc:1    | Found a roughly hewn altar of Beogh.
 15528 | Orc:1    | Found Wooxaov's Distillery.
 15535 | Orc:1    | Noticed a stone giant
 15540 | Orc:2    | Entered Level 2 of the Orcish Mines
 15592 | Orc:2    | Found an iron altar of Okawaru.
 15913 | Orc:2    | Found a staircase to the Elven Halls.
 16780 | Orc:1    | Killed a stone giant
 16799 | Orc:1    | Bought a potion of heal wounds for 90 gold pieces
 16799 | Orc:1    | Bought a potion of agility for 72 gold pieces
 16799 | Orc:1    | Bought a potion of degeneration for 18 gold pieces
 16836 | Orc:1    | Found Neuhaxuo's Jewellery Shop.
 17024 | Orc:2    | Found Cufromp's Book Boutique.
 17024 | Orc:2    | Found Penaeresch's Antique Weapon Boutique.
 17025 | Orc:2    | Found Iroa's Weapon Boutique.
 17025 | Orc:2    | Found Kixejuol's Assorted Antiques.
 17033 | Orc:2    | Bought a scroll labeled ZIROOD SIRGH for 29 gold pieces
 17033 | Orc:2    | Bought 2 bubbling green potions for 52 gold pieces
 17033 | Orc:2    | Bought a scroll of identify for 58 gold pieces
 17225 | Orc:1    | Found Jacautye's Assorted Antiques.
 17233 | Orc:1    | Bought a scroll of identify for 56 gold pieces
 17355 | D:10     | Bought a potion of experience for 750 gold pieces
 17355 | D:10     | Reached skill level 10 in Fighting
 17355 | D:10     | Reached XP level 15. HP: 124/151 MP: 18/18
 17625 | D:12     | Noticed Josephine
 17642 | D:12     | Killed Frances
 17649 | D:12     | Killed Josephine
 17776 | D:12     | Found a roughly hewn altar of Beogh.
 18022 | D:12     | Killed Rupert
 18130 | D:13     | Reached skill level 1 in Invocations
 18483 | D:13     | Reached skill level 5 in Invocations
 18510 | D:13     | Reached XP level 16. HP: 165/165 MP: 19/19
 18625 | D:13     | Found a gate to the Vaults.
 18829 | D:13     | Noticed a sphinx
 18914 | D:13     | Noticed a sphinx
 18925 | D:13     | Noticed a storm dragon
 18949 | D:13     | Killed a storm dragon
 18962 | D:13     | Noticed a sphinx
 18973 | D:13     | Killed a sphinx
 19003 | D:13     | Killed a sphinx
 19017 | D:13     | Killed a sphinx
 19017 | D:13     | Reached skill level 10 in Dodging
 20137 | D:15     | Entered Level 15 of the Dungeon
 20695 | D:15     | Found a staircase to the Depths.
 21378 | Spider:1 | Entered Level 1 of the Spider Nest
 21541 | Spider:1 | Reached skill level 10 in Invocations
 22238 | Spider:2 | Reached XP level 17. HP: 171/172 MP: 22/22
 22778 | Spider:3 | Noticed fernweh's ghost (journeyman DsCK)
 22814 | Spider:3 | Killed fernweh's ghost
 23215 | Spider:3 | Learned a level 2 spell: Blink
 23474 | Spider:4 | Entered Level 4 of the Spider Nest
 24657 | Spider:4 | Got a gossamer rune of Zot
 25033 | Lair:3   | Upgraded the game from 0.20-a0-957-g47ad1fd to 0.20-a0-959-gdc9e609
 25054 | Shoals:1 | Entered Level 1 of the Shoals
 25146 | Shoals:1 | Reached skill level 15 in Fighting
 25317 | Shoals:1 | Reached skill level 1 in Translocations
 25351 | Shoals:1 | Gained mutation: You passively map a large area around you. [Deep Dwarf growth]
 25351 | Shoals:1 | Reached XP level 18. HP: 195/195 MP: 24/24
 25810 | Shoals:2 | Noticed Likado's ghost (adept HOFi)
 25828 | Shoals:2 | Killed Likado's ghost
 26322 | Shoals:2 | Found an opulent altar of Gozag.
 26550 | Shoals:3 | Reached skill level 15 in Armour
 26555 | Shoals:3 | Got a heavily runed ring mail
 26644 | Shoals:3 | Reached skill level 5 in Translocations
 27402 | Shoals:4 | Entered Level 4 of the Shoals
 27459 | Shoals:4 | Noticed Ilsuiw
 27474 | Shoals:4 | Killed Ilsuiw
 27979 | Shoals:4 | Reached XP level 19. HP: 204/204 MP: 25/25
 28014 | Shoals:4 | Got a barnacled rune of Zot
 28378 | Vaults:1 | Entered Level 1 of the Vaults
 28512 | Vaults:1 | Found a portal to a secret trove of treasure.
 29859 | Vaults:1 | Reached skill level 10 in Translocations
 30573 | Vaults:2 | Reached XP level 20. HP: 213/213 MP: 26/26
 30688 | Vaults:2 | Found a staircase to the Crypt.
 31277 | Vaults:2 | Noticed Asterion
 31290 | Vaults:2 | Gained mutation: You occasionally shout uncontrollably at your foes. [a cacodemon]
 31301 | Vaults:2 | Killed Asterion
 31437 | Vaults:2 | Found Ydiath's Jewellery Boutique.
 31846 | Vaults:3 | Found a flickering gateway to a bazaar.
 31856 | Bazaar   | Entered a bazaar
 31862 | Bazaar   | Found Dubbyliaff's General Store.
 31862 | Bazaar   | Found Uteowny's Weapon Shop.
 31927 | Bazaar   | Found Xoestue's Gadget Shop.
 31927 | Bazaar   | Found Quaggopias's Book Boutique.
 31933 | Bazaar   | Bought a phantom mirror for 540 gold pieces
 31933 | Bazaar   | Bought a phantom mirror for 540 gold pieces
 31939 | Bazaar   | Bought a book of Burglary for 825 gold pieces
 31944 | Bazaar   | Learned a level 4 spell: Passage of Golubria
 33068 | Vaults:4 | Found Zurizam's Book Emporium.
 33086 | Vaults:4 | Noticed Jorgrun
 33101 | Vaults:4 | Killed Jorgrun
 33101 | Vaults:4 | Reached skill level 15 in Invocations
 33114 | Vaults:4 | Found a flickering gateway to a bazaar.
 33126 | Vaults:4 | Reached XP level 21. HP: 221/221 MP: 29/29
 33135 | Bazaar   | Entered a bazaar
 33162 | Bazaar   | Found Zegiett's Food Emporium.
 33162 | Bazaar   | Found Tablojy's Gadget Shoppe.
 33178 | Bazaar   | Found Qeiniy's Antique Armour Shoppe.
 33188 | Bazaar   | Bought a runed helmet for 120 gold pieces
 33209 | Bazaar   | Found Ziggip's Magic Scroll Shoppe.
 33214 | Bazaar   | Bought a scroll of enchant weapon for 90 gold pieces
 33214 | Bazaar   | Bought a scroll of enchant armour for 90 gold pieces
 33214 | Bazaar   | Bought a scroll of enchant armour for 90 gold pieces
 33214 | Bazaar   | Bought a scroll of enchant weapon for 90 gold pieces
 34212 | Vaults:4 | Found Taczetz's Antique Weapon Shoppe.
 34840 | Lair:1   | Learned a level 1 spell: Apportation
 34844 | Lair:1   | Learned a level 3 spell: Lesser Beckoning
 34846 | Lair:1   | Learned a level 1 spell: Summon Butterflies
 34849 | Lair:1   | Identified a scroll of acquirement
 35109 | Elf:1    | Entered Level 1 of the Elven Halls
 35133 | Elf:1    | Noticed heteroy's ghost (journeyman DsWn)
 35145 | Elf:1    | Killed heteroy's ghost
 35673 | Elf:1    | Reached skill level 1 in Summonings
 36068 | Elf:1    | Identified the Grimoire of Evil Rites
 36220 | Elf:2    | Found Goluig's Gadget Shop.
 36380 | Elf:2    | Found a radiant altar of Vehumet.
 36414 | Elf:2    | Reached XP level 22. HP: 242/242 MP: 30/30
 36463 | Elf:2    | Reached skill level 5 in Summonings
 36776 | Elf:2    | Reached skill level 1 in Stealth
 36784 | Elf:2    | Found a runed gate.
 36784 | Elf:2    | Found a runed gate.
 36784 | Elf:2    | Found a runed gate.
 37255 | Elf:2    | Reached skill level 5 in Stealth
 37470 | Elf:3    | Entered Level 3 of the Elven Halls
 37470 | Elf:3    | Found Zouh's Magic Scroll Shop.
 37479 | Elf:3    | Bought a scroll of enchant weapon for 127 gold pieces
 37479 | Elf:3    | Bought a scroll of enchant weapon for 127 gold pieces
 38174 | Elf:3    | Cast into level 2 of the Abyss (a deep elf demonologist)
 38883 | Abyss:2  | Paralysed by accursed screaming for 1 turns
 39462 | Abyss:3  | Found a corrupted altar of Lugonu.
 39544 | Abyss:3  | Reached XP level 23. HP: 250/250 MP: 31/31
 39898 | Abyss:3  | Found a bloodstained altar of Trog.
 40225 | Abyss:3  | Found a corrupted altar of Lugonu.
 40499 | Abyss:3  | Lost mutation: You are robust. (+10% HP) [a neqoxec]
 40581 | Abyss:3  | Found a corrupted altar of Lugonu.
 40601 | Abyss:3  | Found a corrupted altar of Lugonu.
 40618 | Abyss:3  | Paralysed by accursed screaming for 1 turns
 41081 | Abyss:3  | Paralysed by accursed screaming for 1 turns
 41223 | Abyss:3  | Found a corrupted altar of Lugonu.
 41822 | Abyss:3  | Gained mutation: You are weak. (Str -2) [a cacodemon]
 41923 | Abyss:3  | Reached XP level 24. HP: 233/233 MP: 31/31
 42005 | Abyss:3  | Gained mutation: You are dopey. (Int -2) [a cacodemon]
 42036 | Abyss:3  | Got an abyssal rune of Zot
 42099 | Abyss:3  | Found a basalt altar of Yredelemnul.
 42415 | Abyss:3  | Found a corrupted altar of Lugonu.
 42461 | Elf:3    | Escaped the Abyss
 42491 | Elf:3    | Got a crude iron ring
 42896 | Elf:3    | Got a twisted leather armour
 43363 | Lair:1   | Identified the ring of Crawling {rCorr rN+ SInv} (You took it off a deep elf blademaster on level 3 of the Elven Halls)
 43589 | Depths:1 | Entered Level 1 of the Depths
 43805 | Depths:1 | Found a one-way gate leading to the halls of Pandemonium.
 43984 | Depths:1 | Noticed Mara
 44012 | Depths:1 | Killed Mara
 44239 | Depths:1 | Found a one-way gate to the infinite horrors of the Abyss.
 44378 | Depths:1 | Found a gateway to Hell.
 44596 | Depths:2 | Found a shattered altar of Ashenzari.
 44810 | Depths:2 | Got a faintly humming plate armour
 44890 | Depths:2 | Noticed Bai Suzhen
 44915 | Depths:2 | Killed Bai Suzhen
 45403 | Depths:2 | Found a radiant altar of Vehumet.
 45403 | Depths:2 | Noticed the Enchantress
 45417 | Depths:2 | Killed the Enchantress
 45429 | Depths:2 | Got faerie dragon scales
 45442 | Depths:2 | Identified the +1 faerie dragon scales {+Inv +Fly rCorr Str+3 Slay-4} (You took it off the Enchantress on level 2 of the Depths)
 45594 | Depths:3 | Reached XP level 25. HP: 223/241 MP: 31/31
 45612 | Depths:3 | Cast into level 2 of the Abyss (hell knight)
 45805 | Depths:3 | Escaped the Abyss
 46313 | Depths:3 | Gained mutation: Your magical capacity is low. (-10% MP) [a shining eye]
 46377 | Depths:3 | Noticed Boris
 46395 | Depths:3 | Killed Boris
 46769 | Depths:4 | Noticed Boris
 46785 | Depths:4 | Killed Boris
 47447 | Depths:4 | Found a gateway to a ziggurat.
 47452 | Depths:4 | Paralysed by a floating eye for 3 turns
 47465 | Depths:4 | Noticed Louise
 47484 | Depths:4 | Killed Louise
 47661 | Depths:5 | Entered Level 5 of the Depths
 48656 | Depths:5 | Found a gate to the Realm of Zot.
 49506 | Vaults:5 | Entered Level 5 of the Vaults
 49518 | Vaults:5 | Reached XP level 26. HP: 250/250 MP: 28/28
 49931 | Vaults:5 | Got a vibrating amber ring
 50186 | Vaults:5 | Identified the ring "Idiggiss" {Ice rN++ Int+3 Dex+4 Slay-5} (You found it on level 5 of the Vaults)
 50249 | Vaults:5 | Got a pitted chain mail
 50351 | Vaults:5 | Got a shimmering jade amulet
 50353 | Vaults:5 | Identified the amulet of Jadelese {Reflect MR+ SH+5} (You took it off a yaktaur captain on level 5 of the Vaults)
 50778 | Vaults:5 | Got a silver rune of Zot
 51383 | Vaults:1 | You paid a toll of 19 potions of curing to enter a treasure trove
 51384 | Trove    | Entered a treasure trove
 51396 | Trove    | Got a fine brass amulet
 51428 | Vaults:1 | Identified the amulet "Beck" {RegenMP *Corrode rPois Int+7} (You found it in a treasure trove)
 51835 | Lair:6   | Found a viscous altar of Jiyva.
 51857 | Slime:1  | Entered Level 1 of the Pits of Slime
 51903 | Lair:6   | Reached skill level 15 in Dodging
 52064 | Slime:2  | Reached XP level 27. HP: 257/257 MP: 6/30
 52366 | Slime:5  | Entered Level 5 of the Pits of Slime
 52492 | Slime:5  | Found a viscous altar of Jiyva.
 52507 | Slime:5  | Noticed the Royal Jelly
 52520 | Slime:5  | Killed the Royal Jelly
 52558 | Slime:5  | Gained mutation: You are frail. (-10% HP) [a shining eye]
 52560 | Slime:5  | Gained mutation: You tend to lose your temper in combat. [a shining eye]
 52642 | Slime:5  | Got a slimy rune of Zot
 52683 | Slime:5  | Got a fabulously ornate robe
 52914 | Lair:1   | Lost mutation: Your magical capacity is low. (-10% MP) [potion of mutation]
 52914 | Lair:1   | Lost mutation: You occasionally shout uncontrollably at your foes. [potion of mutation]
 52914 | Lair:1   | Lost mutation: You tend to lose your temper in combat. [potion of mutation]
 52914 | Lair:1   | Gained mutation: You can translocate small distances at will. [potion of mutation]
 52914 | Lair:1   | Gained mutation: Your flesh is cold resistant. (rC+) [potion of mutation]
 52914 | Lair:1   | Gained mutation: You have a pair of small antennae on your head. [potion of mutation]
 52914 | Lair:1   | Lost mutation: You are dopey. (Int -2) [potion of mutation]
 52915 | Lair:1   | Lost mutation: You are clumsy. (Dex -2) [potion of mutation]
 52915 | Lair:1   | Lost mutation: You have a pair of small antennae on your head. [potion of mutation]
 52915 | Lair:1   | Lost mutation: You can translocate small distances at will. [potion of mutation]
 52915 | Lair:1   | Lost mutation: Your flesh is cold resistant. (rC+) [potion of mutation]
 52915 | Lair:1   | Gained mutation: You have a somewhat thin skeletal structure. (Dex +2, Stealth) [potion of mutation]
 52915 | Lair:1   | Gained mutation: Your flesh is heat resistant. (rF+) [potion of mutation]
 52916 | Lair:1   | Lost mutation: You are partially covered in slimy green scales. (AC +2) [potion of mutation]
 52916 | Lair:1   | Lost mutation: Your flesh is heat resistant. (rF+) [potion of mutation]
 52916 | Lair:1   | Lost mutation: You are weak. (Str -2) [potion of mutation]
 52916 | Lair:1   | Lost mutation: You are frail. (-10% HP) [potion of mutation]
 52916 | Lair:1   | Gained mutation: You are clumsy. (Dex -2) [potion of mutation]
 52916 | Lair:1   | Gained mutation: Your body sometimes deteriorates upon taking damage. [potion of mutation]
 52916 | Lair:1   | Gained mutation: You possess an exceptional clarity of mind. [potion of mutation]
 53180 | Elf:3    | Bought a scroll of acquirement for 884 gold pieces
 53491 | Crypt:1  | Entered Level 1 of the Crypt
 54196 | Crypt:1  | You fall through a shaft!
 54442 | Crypt:2  | Found an ancient bone altar of Kikubaaqudgha.
 54626 | Crypt:2  | Reached skill level 15 in Translocations
 54635 | Crypt:2  | Found a basalt altar of Yredelemnul.
 55060 | Crypt:3  | Entered Level 3 of the Crypt
 55369 | Crypt:3  | Identified the Catalogue of Sinister Secrets
 55509 | Crypt:3  | Identified a +1 pair of boots of running (You found it on level 3 of the Crypt)
 55647 | Crypt:3  | Found a staircase to the Tomb.
 56075 | Crypt:3  | Found an ancient bone altar of Kikubaaqudgha.
 56089 | Crypt:3  | Noticed an ancient lich
 56099 | Crypt:3  | Killed an ancient lich
 56121 | Crypt:3  | Noticed an ancient lich
 56125 | Crypt:3  | Killed an ancient lich
 56130 | Crypt:3  | Identified the Catalogue of Fiery Earth
 56141 | Crypt:3  | Identified Sif Muna's Tome of the Escort
 57082 | Depths:2 | Identified the +3 plate armour "Teurhow" {rF+ Str+2} (You found it on level 2 of the Depths)
 57206 | Zot:1    | Entered Level 1 of the Realm of Zot
 57237 | Zot:1    | Reached skill level 1 in Spellcasting
 57760 | D:10     | Bought 2 potions of mutation for 240 gold pieces
 57922 | Orc:2    | Bought a potion of mutation for 232 gold pieces
 58738 | Zot:5    | Entered Level 5 of the Realm of Zot
 59064 | Zot:5    | Noticed an ancient lich
 59074 | Zot:5    | Killed an ancient lich
 59099 | Zot:5    | Reached skill level 5 in Spellcasting
 59107 | Zot:5    | Noticed an ancient lich
 59116 | Zot:5    | Killed an ancient lich
 59125 | Zot:5    | Noticed an orb of fire
 59127 | Zot:5    | Noticed an orb of fire
 59139 | Zot:5    | Killed an orb of fire
 59141 | Zot:5    | Killed an orb of fire
 59161 | Zot:5    | Noticed an orb of fire
 59166 | Zot:5    | Gained mutation: You are dopey. (Int -2) [an orb of fire]
 59171 | Zot:5    | Gained mutation: You expend magic power (3 MP) to strengthen your wands. [an orb of fire]
 59172 | Zot:5    | Gained mutation: You are frail. (-10% HP) [an orb of fire]
 59177 | Zot:5    | Killed an orb of fire
 59207 | Zot:5    | Noticed an ancient lich
 59209 | Zot:5    | Noticed an orb of fire
 59209 | Zot:5    | Gained mutation: Your spells are a little easier to cast, but a little less powerful. [an orb of fire]
 59214 | Zot:5    | Gained mutation: Armour fits poorly on your strangely shaped body. [an orb of fire]
 59221 | Zot:5    | Killed an ancient lich
 59224 | Zot:5    | Killed an orb of fire
 59278 | Zot:5    | Noticed an ancient lich
 59289 | Zot:5    | Killed an ancient lich
 59376 | Zot:5    | Noticed an orb of fire
 59390 | Zot:5    | Killed an orb of fire
 59503 | Zot:5    | Got the Orb of Zot
 59534 | Zot:5    | Noticed an orb of fire
 59549 | Zot:5    | Gained mutation: You are very frail. (-20% HP) [an orb of fire]
 59557 | Zot:5    | Killed an orb of fire
 59558 | Zot:5    | Lost mutation: Armour fits poorly on your strangely shaped body. [potion of mutation]
 59558 | Zot:5    | Lost mutation: You are clumsy. (Dex -2) [potion of mutation]
 59558 | Zot:5    | Lost mutation: You are very frail. (-20% HP) [potion of mutation]
 59558 | Zot:5    | Lost mutation: Your body sometimes deteriorates upon taking damage. [potion of mutation]
 59558 | Zot:5    | Lost mutation: Your spells are a little easier to cast, but a little less powerful. [potion of mutation]
 59558 | Zot:5    | Lost mutation: You are dopey. (Int -2) [potion of mutation]
 59558 | Zot:5    | Gained mutation: You are resistant to electric shocks. (rElec) [potion of mutation]
 59558 | Zot:5    | Gained mutation: You are somewhat resistant to further mutation. [potion of mutation]
 59740 | Depths:2 | Noticed Wuopneph the pandemonium lord
 60133 | D:9      | Noticed Itear the pandemonium lord
 60153 | D:9      | Killed Itear the pandemonium lord
 60384 | D:$      | Escaped with the Orb!

Vault maps used:
D:1:      minmay_arrival_open_corners
D:2:      ashenzari_conservatory_becter, bloody_trog, xom_butterflies,
          first_bread
D:3:      lemuel_doored_altar
D:4:      lemuel_crystal_altar, minmay_temple_entry_crystal_x
D:5:      gup_sewer_entry_pipe, uniq_iyjb
D:6:      overflow_temple_1_default, lemuel_crystal_altar, elyvilon_altar_4,
          uniq_sigmund
D:8:      serial_shops, nicolae_shop_trees, hangedman_pestilent_swarm
D:9:      minmay_lair_entry_grove, basic_altar
D:10:     serial_shops, shop, nicolae_blasting_shop
D:11:     orc_david_3
D:12:     minmay_curled_crystal, uniq_erolcha, uniq_frances, uniq_rupert,
          uniq_fannar, uniq_nessos, uniq_josephine
D:13:     grunt_vaults_entry_tiered, corexii_hall_statues_deadend,
          minmay_the_grid_3x3
D:14:     grunt_decor_fettered, minmay_misc_feat_secret_circle
D:15:     hangedman_depths_entry_civil_slaughter, serial_bayou_lagoon_a
Temple:   eino_narrow_crystal_temple
Lair:2:   beast_lair_carwin_large_2, minmay_shoals_entry_centaurs, minivault_27,
          nicolae_quartered_pool_little, zaba_anthell
Lair:3:   spider_nest_entry_web_field
Lair:4:   basic_altar
Lair:6:   hangedman_lair_in_review, slime_altar_1, special_room,
          lemuel_old_faithful
Shoals:1: nicolae_shoals_siren_and_animal_friends
Shoals:2: wheals_shoals_ruined_temple
Shoals:4: shoals_end_simple, shoals_ilsuiw_alternative
Spider:1: spider_trap
Spider:2: nicolae_spider_cling_halls
Spider:4: spider_rune_water, worms_lemuel
Slime:1:  cheibrodos_slime_lost_civilization_4
Orc:1:    serial_shops, shop, shop, shop, minmay_orc_temple_c
Orc:2:    st_orc_pillars, okawaru_metal_pillars_1_2
Elf:1:    minmay_elf_necromancy
Elf:2:    basic_altar, serial_shops, shop_coins, hangedman_elven_ridges,
          spider_trap
Elf:3:    grunt_elf_hall_diamonds, serial_shops, nicolae_shop_window_shopping,
          grunt_ministairs_2
Vaults:1: v_alt_pattern_5, v_alt_pattern_1, v_misc_33, vaults_room_grid,
          ontoclasm_vaults_fault, vaults_room_hangedman_quadrants,
          nicolae_vaults_border_crossing, serial_ice_g, vaults_dpeg_hooks,
          v_misc_11, enter_trove_0
Vaults:2: nicolae_vaults_statue_guard, hangedman_vaults_corner_blocks,
          v_misc_26, hangedman_vaults_cutoff, v_misc_17,
          nicolae_vaults_diagonal_hallway_8, vaults_dpeg_ring,
          vaults_room_mumra_shop_pool, minmay_crypt_entry_simple_plaza,
          nicolae_vaults_network_square, v_alt_pattern_2, v_misc_16, v_misc_27,
          uniq_asterion
Vaults:3: ontoclasm_vaults_chip, dpeg_vaults_pockets_of_resistance,
          v_alt_pattern_6, nicolae_vaults_alarming, grunt_vaults_bifocal,
          nicolae_vaults_little_squares_5, nicolae_vaults_three_branches,
          vaults_room_octagon, serial_shops, bzr_entry_islet
Vaults:4: ontoclasm_vaults_eye, nicolae_vaults_triangles,
          nicolae_vaults_angled_halls, v_pattern_1, hangedman_vaults_restitches,
          vaults_mumra_lcd, vaults_room_pools, ontoclasm_vaults_ring_square,
          hangedman_vaults_restitches, v_misc_25, vaults_standard_mumra_x,
          nicolae_vaults_little_squares_5, nicolae_vaults_an_arrangement,
          nicolae_vaults_circle_grid_b, serial_shops, bzr_entry_safe,
          nicolae_shop_behind_doors, shop_statue, uniq_jorgrun
Crypt:1:  grunt_crypt_arrival_split
Crypt:2:  gammafunk_crypt_yreds_forest, basic_altar, moated_statue
Crypt:3:  quadcrypt_mu
Depths:1: pan_entry, hangedman_decor_points, serial_co_window_serial,
          co_window_of_opportunity_a, co_window_of_opportunity_a,
          co_window_of_opportunity_a, co_window_of_opportunity_a,
          co_window_paths_b, co_window_broadway_c, co_window_unsneaky_path_a,
          co_window_broadway_b, co_window_paths_c, co_window_4corner_b,
          glass_columns_a, glass_columns_a, glass_columns_b, glass_columns_b,
          abyss_entry_crystal, hell_entry, minmay_misc_feat_cross,
          due_unseen_surprise, uniq_mara
Depths:2: grunt_forest_end_shrine, lightli_too_deep, old_standard_altar,
          uniq_bai_suzhen
Depths:3: kennysheep_six_static_rooms, infiniplex_staircase_pillars_1,
          pan_entry, hell_entry, uniq_boris
Depths:4: impenetrable_vault, enter_ziggurat_c, pan_entry,
          hangedman_coc_ice_floe, nicolae_abyss_entry_one_way_or_another,
          minmay_misc_feat_ornament, infiniplex_staircase_pool_2,
          serial_bayou_shore_a, uniq_boris
Depths:5: grunt_twist_and_shout, pan_entry, hell_entry
Zot:2:    nrook_zot_tub
Zot:3:    kennysheep_blocky_room, hangedman_zot_decor_unnerving_road,
          basic_stair_grate_trap
Zot:4:    grunt_ministairs_10, st_stairs_11, st_single_dragon_hoard_1
Abyss:2:  evilmike_abyss_exit_1
Abyss:3:  evilmike_abyss_exit_kraken, due_evilmike_abyss_rune_seething_liches
Bazaar:   bazaar_jpeg_honeycomb, bazaar_long_row
Trove:    trove_simple
Sewer:    sewer_co_purgy_island

Skill      XL: |  1  2  3  4  5  6  7  8  9 10 11 12 13 14 15 16 17 18 19 20 21 22 23 24 25 26 27 |
---------------+----------------------------------------------------------------------------------+-----
Axes           | 3 4 6 7 8 9 11 13 15 17 19 20 22 25 26 | 26.0
Fighting       | 4 5 7 10 11 15 18 19 | 19.9
Armour         | 4 5 7 8 11 13 17 19 21 23 26 | 26.0
Dodging        | 4 5 12 15 16 | 16.0
Evocations     | 7 8 |  8.0
Invocations    | 6 11 12 15 16 21 22 | 22.3
Translocations | 1 8 11 12 13 22 | 22.0
Summonings     | 4 7 |  7.0
Stealth        | 5 |  5.0
Spellcasting   | 5 |  5.0
Shields        | |  3.2

Action                   |  1- 3 |  4- 6 |  7- 9 | 10-12 | 13-15 | 16-18 | 19-21 | 22-24 | 25-27 || total
-------------------------+-------+-------+-------+-------+-------+-------+-------+-------+-------++-------
Melee: War axe           |   124 |   182 |   500 |   270 |       |       |       |       |       ||  1076
       Battleaxe         |       |       |       |   599 |  1245 |  1698 |  1512 |  1527 |       ||  6581
       Morningstar       |       |       |       |    28 |    42 |       |       |       |       ||    70
       Executioner's axe |       |       |       |       |       |       |       |   329 |  2271 ||  2600
Throw: Throwing net      |       |       |     2 |       |       |       |       |     1 |       ||     3
       Tomahawk          |       |       |       |     1 |       |       |       |       |       ||     1
 Cast: Summon Butterflie |       |       |       |       |       |       |       |     2 |       ||     2
       Apportation       |       |       |       |       |       |       |       |     1 |       ||     1
       Lesser Beckoning  |       |       |       |       |       |       |       |       |    16 ||    16
Invok: Lesser Servant of |       |       |       |     1 |       |     5 |       |       |       ||     6
       Greater Servant o |       |       |       |       |       |       |     1 |       |     4 ||     5
 Abil: Heal Wounds       |       |     2 |     5 |     6 |     6 |       |       |       |     9 ||    28
       Evoke Ratskin     |       |       |       |       |       |     3 |       |       |     1 ||     4
Evoke: Wand              |     2 |       |     4 |     8 |       |       |       |       |       ||    14
       Lamp of fire      |       |       |       |       |     1 |       |     3 |     1 |     1 ||     6
       Fan of gales      |       |       |       |       |       |       |       |       |     1 ||     1
       Phantom mirror    |       |       |       |       |       |       |       |       |     1 ||     1
  Use: Scroll            |       |     4 |     6 |    10 |    14 |     7 |    15 |     5 |    18 ||    79
       Potion            |       |     1 |     2 |     1 |     2 |       |     2 |     1 |    13 ||    22
 Stab: Held in net/web   |       |       |       |       |       |     3 |       |       |       ||     3
       Distracted        |       |       |       |       |       |     1 |       |       |       ||     1
       Invisible         |       |       |       |       |       |       |       |     5 |       ||     5
       Paralysed         |       |       |       |       |       |       |       |     2 |       ||     2
  Eat: Chunk             |     1 |     9 |    14 |    19 |    24 |    25 |    29 |    18 |    24 ||   163
       Bread ration      |       |       |     1 |       |       |     2 |       |     3 |     7 ||    13
Armor: Scale mail        |    61 |    64 |    43 |       |       |       |       |       |       ||   168
       Plate armour      |       |       |   153 |   527 |   747 |   453 |       |       |   188 ||  2068
       Skin              |       |       |     8 |     4 |       |       |       |    28 |       ||    40
       Crystal plate arm |       |       |       |       |       |   921 |   956 |  1327 |  1168 ||  4372
       Gold dragon scale |       |       |       |       |       |       |       |       |     2 ||     2
Dodge: Dodged            |    36 |    51 |    65 |   326 |   513 |  1017 |   716 |   945 |  1187 ||  4856
Block: Shield            |    67 |   104 |   175 |    55 |       |       |       |       |       ||   401
       Other             |       |       |       |       |       |       |       |       |   214 ||   214
       Reflection        |       |       |       |       |       |       |       |       |     4 ||     4
